 Dungeon Crawl Stone Soup version 0.27.1-2-g3b301248ec (webtiles) character file.

Game seed: 2850982501336629670

157 barney the Changer (level 5, 0/40 HPs)
             Began as a Draconian Transmuter on Sept 27, 2021.
             Slain by Grinder (4 damage)
             ... on level 3 of the Dungeon.
             The game lasted 00:04:19 (4133 turns).

barney the Changer (Draconian Transmuter)           Turns: 4133, Time: 00:04:20

Health: 0/40       AC:  2    Str: 13    XL:     5   Next: 15%
Magic:  2/8        EV: 19    Int: 14    God:
Gold:   84         SH:  0    Dex: 16    Spells: 4/8 levels left

rFire    . . .     SeeInvis .     - Unarmed
rCold    . . .     Faith    .   (shield currently unavailable)
rNeg     . . .     Spirit   .   (armour unavailable)
rPois    x         Reflect  .   (helmet currently unavailable)
rElec    .         Harm     .   (cloak currently unavailable)
rCorr    .         Rampage  .   (gloves currently unavailable)
Will     .....     Rnd*Tele +   (boots currently unavailable)
Stlth    +.........             (no amulet)
HPRegen  0.13/turn              (no ring)
MPRegen  0.11/turn              (no ring)

@: spider-form, attractive, very slightly contaminated
A: venomous fangs, AC +5, tiny, unfitting armour, (cold-blooded), (talons 1),
teleportitis 1
a: End Transformation


You were on level 3 of the Dungeon.
You were a venomous arachnid creature.
You visited 1 branch of the dungeon, and saw 3 of its levels.

You collected 84 gold pieces.

Inventory:

Hand Weapons
 a - a +0 whip
 d - a +4 dagger of freezing (melded)
 f - a +1 hand axe of venom
Magical Staves
 k - a staff of fire
Scrolls
 i - a scroll of enchant armour


   Skills:
 - Level 1.1 Fighting
 - Level 1.7 Dodging
 + Level 4.1 Unarmed Combat
 - Level 2.0 Spellcasting
 * Level 4.5 Transmutations


You had 4 spell levels left.
You knew the following spells:

 Your Spells              Type           Power      Damage    Failure   Level
a - Beastly Appendage     Tmut           28%        N/A       12%         1
b - Spider Form           Tmut/Pois      3%         N/A       50%         3

Your spell library contained the following spells:

 Spells                   Type           Power      Damage    Failure   Level
 Wereblood                Tmut           14%        N/A       16%         2
 Freeze                   Ice            4%         1d3       45%         1
 Slow                     Hex            1%         N/A       56%         2
 Confusing Touch          Hex            1%         N/A       77%         3
 Frozen Ramparts          Ice            2%         1d2       77%         3
 Stone Arrow              Conj/Erth      2%         3d7       77%         3
 Ice Form                 Ice/Tmut       7%         N/A       85%         4
 Hailstorm                Conj/Ice       1%         3d3       98%         4
 Yara's Violent Unravell  Hex/Tmut       3%         3d4       99%         5
 Bolt of Magma            Conj/Fire/Erth 0%         4d4       100%        5
 Shatter                  Erth           0%         3d5*      100%        9


Dungeon Overview and Level Annotations

Branches:
Dungeon (3/15)

Altars:

Annotations:
D:3 Grinder


Innate Abilities, Weirdness & Mutations

You are a venomous arachnid creature.
You have poisonous fangs.
You are tiny and dextrous.
Your spellcasting is less reliable in this form.
Your armour is entirely melded.
You are incapable of wielding weapons or throwing items.
((Your plain brown scales are hard. (AC +5)))
You cannot fit into any form of body armour.
((You are cold-blooded and may be slowed by cold attacks.))
((You have sharp toenails.))
You are occasionally teleported next to monsters.


Message History

i - a scroll of enchant armour Grinder hits you but does no damage.
Your endoplasm freezes Grinder.
Grinder is frozen.
Grinder resists.
You aren't carrying any potions.
Unknown command.
Okay, then.
Casting: Spider Form (quite dangerous; 28% risk of failure)
Confirm with . or Enter, or press ? or * to list all spells.
The spell is quite dangerous to cast (28% risk of failure)!
Continue anyway?
You miscast Spider Form.
You are very lightly contaminated with residual magic.
Nothing appears to happen.
Grinder gestures at you. Pain shoots through your body!
Your endoplasm hits Grinder but does no damage.
Casting: Spider Form (quite dangerous; 28% risk of failure)
Confirm with . or Enter, or press ? or * to list all spells.
The spell is quite dangerous to cast (28% risk of failure)!
Continue anyway?
You turn into a venomous arachnid creature.
Your +4 dagger of freezing melds into your body.
Your +4 dagger of freezing stops glowing.
Grinder misses you.
Your endoplasm closely misses Grinder.
You hit Grinder.
Grinder is lightly wounded.
Grinder completely misses you.
Your endoplasm freezes Grinder.
Grinder is frozen.
Grinder completely resists.
You hit Grinder but do no damage.
Grinder is lightly wounded.
Grinder gestures at you. You resist with significant effort.
Your endoplasm freezes Grinder.
Grinder is frozen.
Grinder resists.
You hit Grinder.
Grinder is moderately wounded.
Grinder hits you!
* * * LOW HITPOINT WARNING * * *
You writhe in agony.
You die...

..#.##.# #.#
#.J.)....#
.......# #.#
#.########
..##.#### #.#
#.# ........#
#.# #.#
..###(#.# #.#
#.# ..###...#
#.# #.#
....<#..# #.#
#.# ######..#
#.# #.#
#####..####.#
#s#
#...........#
#5#
#...........#
#J#
#...........#
#.# ###
#...........#
#.# #.##
##...........#
#.# #..##
.............#
#.# ###...##
##...........#
#.# #......##
........<....#
#.###.......###


You could see Grinder (ally target) and a friendly endoplasm (summoned).

Vanquished Creatures
  2 bullfrog skeletons (D:3)
  Terence (D:1)
  2 adders
  A worm (D:3)
  6 bats (D:1)
  8 endoplasms
  2 giant cockroaches
  5 goblins
  5 hobgoblins (D:1)
  2 quokkas
  7 ball pythons
  5 frilled lizards
  3 kobolds
  7 rats
56 creatures vanquished.

Notes
Turn   | Place    | Note
-------+----------+-------------------------------------------
     0 | D:1      | barney the Draconian Transmuter began the quest for the
                  | Orb.
     0 | D:1      | Reached XP level 1. HP: 16/16 MP: 3/3
   277 | D:1      | Found a faded altar of an unknown god.
   423 | D:1      | Reached XP level 2. HP: 18/23 MP: 5/5
   962 | D:1      | Reached XP level 3. HP: 23/28 MP: 6/6
   966 | D:1      | Learned a level 3 spell: Spider Form
  1311 | D:2      | Noticed Terence
  1327 | D:1      | Killed Terence
  2277 | D:2      | Reached XP level 4. HP: 33/35 MP: 0/7
  3370 | D:3      | Reached XP level 5. HP: 35/40 MP: 6/8
  4101 | D:3      | Noticed Grinder
  4104 | D:3      | Gained mutation: You are occasionally teleported next to
                  | monsters. [potion of mutation]
  4104 | D:3      | Gained mutation: You have sharp toenails. [potion of
                  | mutation]
  4133 | D:3      | Slain by Grinder

Illustrated notes

Levels and vault maps discovered:
D:1:      onia_arrival_pentagram, layout_basic, chequers_ecumenical_altar_simple
D:2:      layout_basic, minmay_hedge_maze, uniq_terence
D:3:      layout_basic, kennysheep_cross_room, uniq_grinder

Skill      XL: |  1  2  3  4 |
---------------+-------------+-----
Transmutations | 3 4 |  4.5
Unarmed Combat | 4 |  4.1
Fighting       | |  1.1
Dodging        | |  1.7
Spellcasting   | |  2.0

Action                   |  1- 3 |  4- 6 || total
-------------------------+-------+-------++-------
Melee: Unarmed           |    38 |    12 ||    50
       Whip              |    82 |       ||    82
       Kick              |     9 |     8 ||    17
       Headbutt          |     4 |     4 ||     8
       Tailslap          |    10 |     1 ||    11
       Dagger            |       |    32 ||    32
       Punch             |       |     1 ||     1
 Cast: Beastly Appendage |    11 |     6 ||    17
       Spider Form       |     2 |     5 ||     7
  Use: Scroll            |       |     3 ||     3
       Potion            |       |     3 ||     3
Armor: Skin              |    55 |    13 ||    68
Dodge: Dodged            |    88 |    36 ||   124
